 Dungeon Crawl Stone Soup version 0.23.2 (webtiles) character file.

Game seed: 11722826148688892874

1411 Norn the Ruffian (level 8, -5/69 HPs)
             Began as a White Draconian Transmuter on Apr 8, 2019.
             Was a Follower of Okawaru.
             Killed from afar by a steam dragon (16 damage)
             ... with a ball of steam
             ... on level 6 of the Dungeon.
             The game lasted 00:17:26 (6934 turns).

Norn the Ruffian (White Draconian Transmuter)       Turns: 6934, Time: 00:17:26

Health: -5/69      AC:  6    Str: 12    XL:     8   Next: 43%
Magic:  19/20      EV: 13    Int: 17    God:    Okawaru [*.....]
Gold:   225        SH:  0    Dex: 11    Spells: 5/11 levels left

rFire    . . .     SeeInvis .     - Unarmed
rCold    + . .     Gourm    .   (no shield)
rNeg     . . .     Faith    .   (armour unavailable)
rPois    .         Spirit   .   (helmet restricted)
rElec    .         Reflect  .   (no cloak)
rCorr    .         Harm     .   (no gloves)
MR       .....                  (no boots)
Stlth    +.........             (no amulet)
HPRegen  0.21/turn              D - ring of magical power
MPRegen  0.17/turn              (no ring)

@: short of breath, very slightly contaminated
A: breathe frost, unfitting armour, cold resistance 1, cold-blooded, AC +6
a: Breathe Frost, Heroism, Renounce Religion


You were on level 6 of the Dungeon.
You worshipped Okawaru.
Okawaru was aware of your devotion.
You were not hungry.

You visited 2 branches of the dungeon, and saw 7 of its levels.

You collected 225 gold pieces.

Inventory:

Hand Weapons
 a - a +0 dagger of venom
   (You took it off a goblin on level 3 of the Dungeon)
 p - a +0 blowgun
   (You took it off a kobold on level 3 of the Dungeon)
Missiles
 b - 207 stones (quivered)
 q - 7 poisoned needles
 u - 76 arrows
Armour
 A - a +0 pair of gloves
   (You found it on level 6 of the Dungeon)
 B - a +0 cloak
   (You found it on level 6 of the Dungeon)
Jewellery
 r - an uncursed ring of protection from fire {unknown}
   (You found it on level 3 of the Dungeon)
 D - a ring of magical power (left hand)
   (You took it off an orc on level 6 of the Dungeon)
Scrolls
 c - a scroll of noise {unknown}
 d - a scroll of magic mapping {unknown}
 g - 5 scrolls of teleportation {unknown}
 h - 2 scrolls of enchant armour {unknown}
 i - 8 scrolls of identify {unknown}
 j - a scroll of blinking
 m - 6 scrolls of remove curse {unknown}
 v - a scroll of fear {unknown}
 x - a scroll of amnesia {unknown}
 y - a scroll of immolation {unknown}
Potions
 f - 2 potions of curing {unknown}
 k - a potion of resistance {unknown}
 l - a potion of heal wounds {@q2}
 n - 2 potions of berserk rage {unknown}
 o - 4 potions of degeneration {unknown}
 s - a potion of brilliance {unknown}
 t - a potion of mutation {unknown}
 w - 2 potions of lignification {unknown}
 z - 2 potions of cancellation {unknown}
Comestibles
 e - 15 rations {!d}
 C - a chunk of flesh


   Skills:
 + Level 5.6 Fighting
 + Level 3.2 Dodging
 * Level 7.6 Unarmed Combat
 - Level 2.0 Spellcasting
 - Level 5.1 Transmutations


You had 5 spell levels left.
You knew the following spells:

 Your Spells              Type           Power        Failure   Level  Hunger
a - Beastly Appendage     Tmut           ###...       2%          1    #......
s - Sticks to Snakes      Tmut           ###.....     3%          2    ###....
x - Spider Form           Tmut/Pois      ##........   21%         3    ###....

Your spell library contained the following spells:

 Spells                   Type           Power        Failure   Level  Hunger
 Blade Hands              Tmut           ###.......   54%         5    ######.
 Ice Form                 Ice/Tmut       ##......     56%         4    #####..


Dungeon Overview and Level Annotations

Branches:
Dungeon (6/15)             Temple (1/1) D:4

Altars:
Ashenzari
Dithmenos
Fedhas
Gozag
Hepliaklqana
Kikubaaqudgha
Nemelex Xobeh
Okawaru
Qazlal
Ru
Trog
Uskayaw
Vehumet
Wu Jian
Xom
Zin
The Shining One

Shops:
D:5 (   D:6 :


Innate Abilities, Weirdness & Mutations

You can breathe waves of freezing cold.
You can buffet flying creatures when you breathe cold.
Your icy white scales are hard. (AC +6)
You cannot fit into any form of body armour.
Your flesh is cold resistant. (rC+)
You are cold-blooded and may be slowed by cold attacks.


Message History

You miscast Spider Form.
You are very lightly contaminated with residual magic.
Your vision is briefly tinged with green.
The jelly is engulfed in a cloud of scalding steam.
The jelly hits you but does no damage.
You hit the jelly.
Your hands burn!
You punch the jelly.
You kill the jelly!
Okawaru accepts your kill.
You hit the steam dragon but do no damage.
You hit the steam dragon. The steam dragon breathes steam at you.
The ball of steam hits you!!
You hit the steam dragon.
You are engulfed in a cloud of scalding steam.
The steam dragon bites you.
The steam dragon claws you but does no damage.
You punch the steam dragon!
You are engulfed in a cloud of scalding steam.
* * * LOW HITPOINT WARNING * * *
The steam dragon bites you.
* * * LOW HITPOINT WARNING * * *
The steam dragon misses you.
Aim: a steam dragon (steam, severely wounded)
You exhale a wave of freezing cold.
The freezing breath misses the steam dragon.
You feel somewhat more hungry. The steam dragon breathes steam at you.
The ball of steam hits you!
* * * LOW HITPOINT WARNING * * *
Some of the chunks of flesh in your inventory have rotted away.
You hit the steam dragon but do no damage.
The steam dragon breathes steam at you. The ball of steam misses you.
You barely miss the steam dragon. The steam dragon bites you.
* * * LOW HITPOINT WARNING * * *
The steam dragon claws you but does no damage.
You hit the steam dragon but do no damage.
Your tail-slap misses the steam dragon.
You barely miss the steam dragon. You tail-slap the steam dragon.
The steam dragon bites you but does no damage.
The steam dragon closely misses you.
You hit the steam dragon but do no damage.
The steam dragon misses you.
The steam dragon claws you but does no damage.
You hit the steam dragon but do no damage.
The steam dragon barely misses you. The steam dragon closely misses you.
You hit the steam dragon. You tail-slap the steam dragon.
The steam dragon breathes steam at you. The ball of steam hits you!
You die...

#.# #.# #.# #.# #.#
#.# ...# #.# .### #.#
###########.# #.###
#.........#.# #...#
#.#######.#D#
###...### ### #.#
##@D.#§# #.......##
##>###.#
#....#§###.........
#.#....#
##.##...........[##
##.###.#
##...##.######..###
#<# #.#
#.....###≈≈≈≈#### #.#
#.###≈.8..##.....≈≈≈##
#.#
#[..#§≈...#....#...≈≈#
#.#
######≈≈≈.....##..8.≈#
#.# ####≈≈≈≈###.....#
#


You could see a steam dragon.

Vanquished Creatures
  Prince Ribbit (D:5)
  Sigmund (D:3)
  2 steam dragons (D:6)
  A water moccasin (D:2)
  A black bear (D:6)
  A centaur (D:5)
  2 howler monkeys
  A crimson imp (D:6)
  5 orc priests
  A hound (D:4)
  A jelly (D:6)
  An orc wizard (D:3)
  An iguana (D:4)
  A hound skeleton (D:4)
  6 adders
  A shadow imp (D:5)
  6 worms
  3 dart slugs
  2 leopard geckos
  15 orcs
  14 bats
  6 giant cockroaches
  7 goblins
  7 hobgoblins
  8 jackals
  2 quokkas
  2 ball pythons
  3 frilled lizards
  7 kobolds
  2 quokka skeletons
  10 rats
121 creatures vanquished.

Vanquished Creatures (collateral kills)
  3 orcs (D:2)
3 creatures vanquished.

Grand Total: 124 creatures vanquished

Notes
Turn   | Place    | Note
-------+----------+-------------------------------------------
     0 | D:1      | Norn the Draconian Transmuter began the quest for the Orb.
     0 | D:1      | Reached XP level 1. HP: 16/16 MP: 3/3
   289 | D:1      | Reached XP level 2. HP: 23/23 MP: 5/5
   502 | D:1      | Learned a level 2 spell: Sticks to Snakes
   802 | D:2      | Reached skill level 4 in Unarmed Combat
   834 | D:2      | Noticed a water moccasin
   847 | D:2      | Killed a water moccasin
   847 | D:2      | Reached skill level 5 in Unarmed Combat
   847 | D:2      | Reached XP level 3. HP: 11/28 MP: 4/6
   847 | D:2      | Reached XP level 4. HP: 14/35 MP: 4/7
  1145 | D:2      | Reached XP level 5. HP: 32/40 MP: 5/8
  1482 | D:2      | Found a hazy altar of Hepliaklqana.
  1629 | D:2      | Found a glowing golden altar of the Shining One.
  1926 | D:2      | Learned a level 3 spell: Spider Form
  2077 | D:3      | Noticed Sigmund
  2432 | D:3      | Killed Sigmund
  2432 | D:3      | Reached skill level 6 in Unarmed Combat
  2432 | D:3      | Reached XP level 6. HP: 42/47 MP: 3/9
  3355 | D:4      | Found a stormy altar of Qazlal.
  3401 | D:4      | Found a hide-covered altar of Uskayaw.
  3521 | D:4      | Found a staircase to the Ecumenical Temple.
  3532 | Temple   | Entered the Ecumenical Temple
  4001 | D:4      | Found an iron altar of Okawaru.
  4004 | D:4      | Became a worshipper of Warmaster Okawaru
  4118 | D:4      | Reached skill level 5 in Transmutations
  4118 | D:4      | Your scales start taking on an icy white colour.
  4118 | D:4      | Reached XP level 7. HP: 35/53 MP: 8/10
  4118 | D:4      | Gained mutation: Your flesh is cold resistant. (rC+) [White
                  | Draconian growth]
  4398 | D:5      | Entered Level 5 of the Dungeon
  4398 | D:5      | Found a glowing silver altar of Zin.
  4400 | D:5      | Noticed Prince Ribbit
  4412 | D:5      | Killed Prince Ribbit
  4640 | D:5      | Reached * piety under Okawaru
  5230 | D:5      | Found Sawk's Antique Weapon Shoppe.
  5305 | D:5      | Found an iron altar of Okawaru.
  5624 | D:6      | Reached skill level 5 in Fighting
  5624 | D:6      | Reached XP level 8. HP: 54/68 MP: 9/11
  5659 | D:6      | Reached skill level 7 in Unarmed Combat
  6632 | D:6      | Found Ixixa's Book Shop.
  6934 | D:6      | Killed from afar by a steam dragon

Skill      XL: |  1  2  3  4  5  6  7  8 |
---------------+-------------------------+-----
Unarmed Combat | 5 6 7 |  7.6
Transmutations | 4 5 |  5.1
Fighting       | 5 |  5.6
Dodging        | 2 3 |  3.2
Spellcasting   | |  2.0

Action                   |  1- 3 |  4- 6 |  7- 9 || total
-------------------------+-------+-------+-------++-------
Melee: Unarmed           |    54 |   203 |   124 ||   381
       Headbutt          |     4 |     6 |     1 ||    11
       Kick              |     3 |     5 |     3 ||    11
       Punch             |     1 |     1 |     4 ||     6
       Tailslap          |       |    20 |    10 ||    30
       Dagger            |       |    29 |       ||    29
Throw: Stone             |     3 |       |       ||     3
 Cast: Beastly Appendage |     7 |    17 |     4 ||    28
       Sticks to Snakes  |       |     1 |       ||     1
       Spider Form       |       |     2 |     5 ||     7
 Abil: Breathe Frost     |       |       |     5 ||     5
  Use: Scroll            |       |       |     1 ||     1
 Stab: Sleeping          |       |     1 |       ||     1
  Eat: Chunk             |       |     8 |    10 ||    18
       Ration            |       |     1 |       ||     1
Armor: Skin              |    19 |    87 |    20 ||   126
Dodge: Dodged            |    44 |   158 |    84 ||   286
